Map: Central Protocol

Players

Miszu

  • Race: Terran Terran
  • League: Master

Lisandro - Winner!

  • Race: Protoss Protoss
  • League: Grandmaster

VOD

Have the link to the VOD?

Description

Time

  • Played on: March 13, 2016, 9:08 a.m.
  • Length: 13:59
Show
View Real Time Build Order
Export as new Build Order

Miszu Terran 

Build Orders: Command Center First (CC), MMM Bio 

Get SALT Encoding   

  12  0:01  SCV  
  13  0:14  SCV  
  14  0:18  Supply Depot  
  14  0:26  SCV  
  15  0:40  SCV  
  16  0:52  SCV  
  17  1:02  Command Center  
  17  1:04  SCV  
  18  1:16  SCV  
  18  1:17  Barracks  
  19  1:28  SCV  
  20  1:35  Barracks  
  20  1:40  SCV  
  21  1:50  Barracks  
  21  1:53  SCV  
  22  2:04  Marine  
  22  2:05  Orbital Command  
  23  2:18  Orbital Command  
  23  2:22  Marine  
  23  2:23  Marine  
  25  2:30  SCV  
  25  2:32  Refinery  
  25  2:34  Refinery  
  25  2:37  Marine  
  26  2:41  Marine  
  26  2:42  Marine  
  26  2:43  SCV  
  26  2:44  SCV  
  31  2:48  Supply Depot  
  31  2:54  Marine  
  32  3:00  Marine  
  32  3:02  Barracks Tech Lab  
  32  3:03  Supply Depot  
  32  3:04  SCV x2  
  35  3:12  Marine  
  35  3:16  SCV x2  
  35  3:19  Marine  
  39  3:20  Marine  
  39  3:21  Stimpack  
  40  3:28  SCV  
  40  3:30  Marine  
  40  3:32  SCV  
  43  3:37  Marine  
  43  3:39  Factory, Marine  
  43  3:40  SCV  
  46  3:44  SCV  
  46  3:48  Marine  
  47  3:49  Refinery  
  47  3:50  Engineering Bay  
  47  3:52  SCV  
  50  3:56  SCV  
  50  3:57  Marauder  
  53  4:03  Bunker  
  53  4:08  SCV  
  54  4:12  Supply Depot  
  54  4:13  Barracks Reactor, Barracks Tech Lab  
  54  4:14  SCV  
  54  4:22  Barracks  
  54  4:24  Barracks  
  54  4:28  Starport  
  54  4:30  Factory Reactor  
  54  4:34  SCV x2  
  56  4:39  Marine  
  56  4:40  Marine  
  56  4:42  Combat Shields  
  58  4:46  SCV  
  58  4:49  Marine, SCV  
  61  4:57  Supply Depot, Marine  
  62  5:00  Supply Depot  
  62  5:03  Terran Infantry Weapons Level 1  
  62  5:18  Marine x4, Medivac, SCV x2  
  70  5:21  Marine  
  70  5:26  Medivac  
  73  5:29  Supply Depot  
  73  5:30  SCV  
  73  5:32  SCV, Missile Turret  
  73  5:33  Supply Depot, Marine  
  76  5:37  Marine  
  76  5:38  Marine  
  78  5:43  Liberator  
  78  5:50  Marine x3, SCV x2  
  78  5:51  Marine  
  78  5:55  Marine  
  87  5:57  Supply Depot  
  87  5:58  Supply Depot  
  90  6:05  Liberator  
  90  6:10  Marine x2, Marauder x2, Refinery  
  94  6:18  Marine x2, Command Center  
  99  6:28  Marine x2  
  99  6:31  Marine  
  96  6:36  Marine x2  
  96  6:37  Marine  
  98  6:40  Supply Depot, SCV x2  
  98  6:44  Supply Depot  
  98  6:45  Marine  
  101  6:48  Medivac  
  101  6:52  SCV  
  104  6:57  SCV  
  105  7:01  Marine  
  105  7:02  Marauder  
  105  7:04  SCV  
  105  7:05  Medivac  
  105  7:06  Marine x4  
  115  7:09  SCV  
  116  7:16  SCV  
  116  7:17  Fusion Core  
  116  7:19  Marine  
  116  7:21  SCV  
  119  7:25  Liberator  
  119  7:28  SCV  
  120  7:30  Marine x2, Marauder x2  
  126  7:39  SCV  
  126  7:40  SCV  
  132  7:45  Factory Tech Lab  
  132  7:47  Starport  
  132  7:51  Marine, Marauder, SCV  
  133  7:55  Barracks Reactor, Barracks Tech Lab  
  133  7:56  Liberator  
  133  7:58  Refinery  
  135  8:02  Refinery  
  133  8:16  SCV x2  
  139  8:20  Orbital Command  
  138  8:28  SCV x2  
  140  8:35  Liberator  
  140  8:36  Supply Depot  
  140  8:37  Marine  
  141  8:44  Liberator  
  141  8:46  Supply Depot  
  141  8:47  Supply Depot, Advanced Ballistics  
  141  8:49  Supply Depot  
  141  8:50  Supply Depot  
  141  8:51  Terran Infantry Armor Level 1  
  141  8:52  Supply Depot, Marine, Marauder x2  
  141  8:53  Supply Depot, Liberator  
  149  8:58  Marine x2  
  154  9:03  Marine  
  156  9:14  Supply Depot  
  156  9:15  Supply Depot  
  158  9:18  Liberator  
  158  9:20  Marine, Marauder  
  158  9:21  Bunker  
  161  9:26  Missile Turret  
  161  9:27  Liberator  
  161  9:29  Marine, Marauder  
  161  9:30  Missile Turret  
  161  9:31  Missile Turret  
  163  9:36  Liberator  
  166  9:42  Marine, Marauder  
  171  9:46  Marine  
  172  9:52  Supply Depot  
  172  9:54  Missile Turret  
  175  10:00  Liberator  
  175  10:03  Marine x3  
  175  10:04  Marauder x2  
  182  10:10  Liberator  
  182  10:15  Marauder  
  182  10:18  Liberator  
  187  10:27  Marine, Marauder  
  193  10:28  Marine  
  193  10:29  Marauder  
  197  10:43  Liberator  
  197  10:48  Marine  
  197  10:49  Marauder  
  191  10:53  Command Center, Liberator  
  191  10:55  Engineering Bay  
  191  10:56  Armory  
  197  11:14  Marine  
  197  11:15  Marauder  
  200  11:23  Liberator  
  200  11:26  Liberator  
  165  11:41  Marauder  
  165  11:42  Marine, Marauder x2  
  178  11:56  Marine  
  178  11:57  Marine x2  
  178  11:59  Marine  
  178  12:00  Liberator  
  179  12:03  Marauder x3  
  185  12:14  Marine  
  186  12:16  Liberator  
  186  12:19  Sensor Tower  
  189  12:24  Marauder, Liberator  
  189  12:25  Marauder x2  
  195  12:41  Marine  
  199  12:51  Missile Turret  
  199  12:54  Liberator  
  196  13:12  Marine  
  196  13:35  Marine  
  196  13:36  Marine, Marauder  
  200  13:41  Barracks  
  200  13:43  Barracks  
  200  13:44  Barracks  
  200  13:45  Barracks  
Show
View Real Time Build Order
Export as new Build Order

Lisandro Protoss - Winner!

Build Orders: 1 Gate Expand, Colossus Rush 

Get SALT Encoding   

  12  0:01  Probe (Chrono Boost)  
  13  0:11  Probe (Chrono Boost)  
  14  0:19  Pylon  
  14  0:22  Probe (Chrono Boost)  
  15  0:37  Probe (Chrono Boost)  
  15  0:39  Gateway  
  15  0:41  Assimilator  
  16  0:47  Probe (Chrono Boost)  
  17  0:58  Probe (Chrono Boost)  
  18  1:08  Probe (Chrono Boost)  
  19  1:19  Probe (Chrono Boost)  
  20  1:26  Cybernetics Core  
  20  1:30  Probe (Chrono Boost)  
  21  1:42  Nexus  
  22  1:47  Probe (Chrono Boost)  
  22  1:48  Pylon  
  22  1:50  Assimilator  
  22  1:57  Probe (Chrono Boost)  
  23  2:05  Warp Gate  
  23  2:08  Adept, Probe (Chrono Boost)  
  26  2:19  Probe (Chrono Boost)  
  29  2:30  Mothership Core (Chrono Boost)  
  29  2:35  Adept  
  31  2:47  Robotics Facility  
  31  2:54  Probe x2 (Chrono Boost)  
  33  3:03  Pylon  
  33  3:04  Probe x2 (Chrono Boost)  
  35  3:15  Probe x2 (Chrono Boost)  
  37  3:20  Gateway  
  37  3:23  Gateway  
  37  3:25  Probe x2 (Chrono Boost)  
  39  3:35  Probe (Chrono Boost)  
  39  3:36  Probe (Chrono Boost)  
  39  3:38  Assimilator x2  
  42  3:41  Observer (Chrono Boost)  
  42  3:45  Probe  
  42  3:47  Probe  
  44  3:49  Pylon  
  44  3:56  Probe (Chrono Boost)  
  44  3:59  Probe (Chrono Boost)  
  44  4:00  Observer (Chrono Boost)  
  47  4:08  Probe (Chrono Boost)  
  49  4:10  Probe (Chrono Boost)  
  49  4:12  Robotics Bay  
  49  4:14  Adept, Forge  
  51  4:17  Sentry  
  51  4:18  Probe (Chrono Boost)  
  51  4:20  Probe (Chrono Boost)  
  51  4:22  Observer  
  56  4:29  Pylon, Probe (Chrono Boost)  
  56  4:31  Probe (Chrono Boost)  
  58  4:33  Pylon  
  58  4:35  Adept  
  60  4:39  Probe (Chrono Boost)  
  60  4:41  Probe (Chrono Boost)  
  62  4:49  Probe (Chrono Boost)  
  62  4:52  Probe (Chrono Boost)  
  64  4:53  Gateway, Protoss Ground Weapons Level 1 (Chrono Boost)  
  64  4:55  Colossus (Chrono Boost)  
  64  4:58  Adept  
  66  5:04  Probe  
  66  5:06  Probe  
  74  5:13  Pylon  
  74  5:17  Probe  
  74  5:21  Twilight Council  
  75  5:22  Extended Thermal Lance  
  75  5:27  Pylon  
  75  5:28  Adept  
  75  5:30  Probe  
  75  5:31  Probe  
  79  5:42  Colossus, Probe  
  80  5:45  Pylon  
  86  5:54  Gateway  
  86  5:57  Blink  
  86  5:59  Stalker  
  86  6:00  Probe  
  89  6:08  Probe  
  89  6:10  Adept  
  92  6:12  Pylon  
  92  6:14  Photon Cannon  
  92  6:17  Stalker x2  
  96  6:28  Colossus  
  96  6:39  Probe  
  103  6:42  Pylon  
  103  6:48  Adept x3  
  103  6:53  Pylon  
  103  6:54  Protoss Ground Armor Level 1 (Chrono Boost)  
  109  7:00  Adept  
  111  7:15  Colossus  
  111  7:19  Pylon  
  116  7:30  Gateway  
  116  7:31  Nexus  
  116  7:32  Stalker x2  
  116  7:33  Pylon  
  120  7:38  Pylon  
  120  7:41  Stalker x2  
  124  7:47  Sentry  
  125  7:57  Sentry, Stalker  
  130  7:58  Resonating Glaives, Probe x2  
  131  8:06  Stalker x2  
  131  8:10  Probe x2  
  137  8:22  Probe  
  137  8:23  Colossus, Probe  
  137  8:25  Assimilator  
  139  8:30  Assimilator  
  144  8:34  Probe  
  144  8:35  Probe  
  144  8:37  Stalker x2  
  150  8:42  Probe  
  150  8:47  Probe x2  
  153  8:49  Stalker  
  153  8:52  Pylon, Probe  
  153  8:54  Protoss Ground Weapons Level 2 (Chrono Boost)  
  156  8:59  Probe  
  157  9:04  Pylon  
  157  9:07  Pylon, Probe  
  157  9:12  Forge  
  157  9:15  Observer, Pylon  
  157  9:16  Sentry, Stalker  
  161  9:17  Stalker  
  164  9:31  Nexus  
  164  9:33  Pylon  
  164  9:37  Colossus, Sentry, Stalker  
  164  9:38  Stalker  
  176  9:55  Protoss Ground Armor Level 2 (Chrono Boost), Pylon  
  176  9:59  Sentry  
  178  10:00  Stalker x2  
  182  10:08  Pylon  
  182  10:19  Stalker x2  
  182  10:20  Stalker  
  184  10:25  Probe  
  184  10:26  Colossus  
  184  10:27  Probe  
  184  10:28  Stargate  
  183  10:30  Probe  
  188  10:48  Stalker x4  
  194  10:52  Stalker x2  
  194  10:56  Probe  
  199  11:04  Pylon  
  199  11:05  Assimilator  
  199  11:09  Assimilator  
  197  11:11  Pylon  
  197  11:14  Stalker  
  199  11:21  Pylon  
  199  11:23  Protoss Ground Weapons Level 3 (Chrono Boost), Gateway  
  198  11:25  Gateway  
  166  11:32  Stalker x2  
  166  11:33  Stalker x3  
  166  11:36  Colossus  
  166  11:37  Sentry  
  172  11:56  Stalker x3  
  176  12:04  Fleet Beacon  
  176  12:08  Stalker  
  176  12:14  Nexus  
  178  12:20  Phoenix (Chrono Boost)  
  178  12:22  Stalker x3  
  186  12:29  Colossus  
  186  12:31  Stalker x2  
  192  12:42  Stalker x2  
  196  12:49  Stalker  
  198  12:56  Tempest (Chrono Boost)  
  197  13:01  Dark Shrine  
  189  13:32  Stalker x4  
  185  13:38  Stalker x3  
  191  13:47  Stalker  
  193  13:51  Gateway  
  193  13:52  Gateway  
Tags
 
Add a new tag
Caveats
  • Supply blocks, unpowered buildings, or Contaminate may cause inaccurate times.
  • Supply counts are checked every 10 seconds.